 Dungeon Crawl Stone Soup version 0.26.0-45-g9c1d065592 (webtiles) character file.

Game seed: 4438055315731645425

109 kaeus the Sneak (level 4, 0/31 HPs)
             Began as an Octopode Fighter on Jan 31, 2021.
             Slain by a gnoll (7 damage)
             ... on level 2 of the Dungeon.
             The game lasted 00:00:59 (1397 turns).

kaeus the Sneak (Octopode Fighter)                  Turns: 1397, Time: 00:01:00

Health: 0/31       AC:  1    Str: 15    XL:     4   Next: 90%
Magic:  4/4        EV: 11    Int: 10    God:
Gold:   101        SH:  8    Dex: 12    Spells: 3/3 levels left

rFire    . . .     SeeInvis .   a - +0 rapier
rCold    . . .     Faith    .   b - +0 kite shield
rNeg     . . .     Spirit   .   (helmet restricted)
rPois    .         Reflect  .   (no amulet)
rElec    .         Harm     .   (no ring)
rCorr    .         Rampage  .   (no ring)
Will     .....                  (no ring)
Stlth    +++.......             (no ring)
HPRegen  0.10/turn              (no ring)
MPRegen  0.09/turn              (no ring)
                                (no ring)
                                (no ring)

@: lethally poisoned (0 -> -3)
A: almost no armour, stealthy swim, amphibious, 8 rings, constrict 8, camouflage
1, gelatinous body 1
a: no special abilities


You were on level 2 of the Dungeon.
You visited 1 branch of the dungeon, and saw 2 of its levels.

You collected 101 gold pieces.

Inventory:

Hand Weapons
 a - a +0 rapier (weapon)
Armour
 b - a +0 kite shield (worn)
Scrolls
 d - a scroll of immolation {unknown}
 f - a scroll of identify {unknown}
 g - a scroll of remove curse {unknown}
Potions
 c - a potion of might
 e - 2 potions of mutation {unknown}


   Skills:
 + Level 3.5 Fighting
 * Level 3.3 Short Blades
 - Level 3.0 Dodging
 * Level 3.8 Stealth
 - Level 3.0 Shields


You had 3 spell levels left.
You didn't know any spells.
Your spell library was empty.

Dungeon Overview and Level Annotations

Branches:
Dungeon (2/15)

Altars:
Ru


Innate Abilities, Weirdness & Mutations

You cannot wear most types of armour.
You are very stealthy in the water. (Stealth+)
You are amphibious.
You can wear up to eight rings at the same time.
You can use your tentacles to constrict eight enemies at once.
Your skin changes colour to match your surroundings (Stealth+).
Your rubbery body absorbs attacks. (AC +1, EV +1)


Message History

You take 2 damage, and have 12/31 hp.
You release your grip on the adder.
The adder closely misses you.
You hit the adder but do no damage. You grab the adder.
The adder is heavily wounded.
You constrict the adder. You block the adder's attack. The adder bites you.
* * * LOW HITPOINT WARNING * * *
You are poisoned.
The adder poisons you!
You take 4 damage, and have 8/31 hp.
You hit the adder.
The adder is severely wounded.
You constrict the adder.
You kill the adder!
You feel sick.
You take 1 damage, and have 7/31 hp.
You closely miss the gnoll. Your grab misses the gnoll. You squeeze the gnoll.
The gnoll is heavily wounded.
The gnoll hits you!
You die...

..........#..#.#.#..#
......รทรท..#..#.#.#..####
..........#..#.#.......#
..........#..#.#.......#
#######.###..#.#.......#
#.# #..#.#.......#
#######.###....#.......#
...........#.###.#...).#
...........#.# #@##.##.#
...........#.###g#..##.#
.).....g...#...gg...##.#
............g..#.#..##.#
...........###.#.#...#.#
...........# #.#.#####.#
...........# #.#.......#
...........# #.#########
..#.######## #..


You could see 2 gnolls and a hobgoblin.

Vanquished Creatures
  Natasha (twice) (D:2)
  A gnoll (D:2)
  2 adders (D:2)
  An ooze (D:1)
  A dart slug (D:1)
  A leopard gecko (D:2)
  A giant cockroach (D:2)
  3 goblins (D:1)
  5 hobgoblins (D:1)
  3 bats
  A frilled lizard (D:1)
  4 kobolds
  3 rats (D:1)
28 creatures vanquished.

Notes
Turn   | Place    | Note
-------+----------+-------------------------------------------
     0 | D:1      | kaeus the Octopode Fighter began the quest for the Orb.
     0 | D:1      | Reached XP level 1. HP: 16/16 MP: 1/1
    38 | D:1      | Reached skill level 1 in Stealth
   476 | D:1      | Reached XP level 2. HP: 21/21 MP: 2/2
   824 | D:1      | Reached XP level 3. HP: 26/26 MP: 3/3
   994 | D:2      | Noticed Natasha
  1006 | D:2      | Killed Natasha
  1007 | D:2      | Reached XP level 4. HP: 4/31 MP: 4/4
  1128 | D:2      | Noticed Natasha
  1134 | D:2      | Killed Natasha
  1376 | D:2      | Found a sacrificial altar of Ru.
  1397 | D:2      | Slain by a gnoll

Illustrated notes

Levels and vault maps discovered:
D:1:      ebering_trefoil_twist, layout_basic
D:2:      layout_basic, grunt_temple_overflow_open, uniq_natasha,
          uniq_crazy_yiuf_cottage

Skill      XL: |  1  2  3  4 |
---------------+-------------+-----
Stealth        | 1 2 3 |  3.8
Short Blades   | 3 |  3.3
Fighting       | |  3.5
Dodging        | |  3.0
Shields        | |  3.0

Action                   |  1- 3 |  4- 6 || total
-------------------------+-------+-------++-------
Melee: Rapier            |    44 |    11 ||    55
       Constrict         |    11 |     3 ||    14
       Tentacles         |     7 |     2 ||     9
 Stab: Sleeping          |     5 |       ||     5
Armor: Skin              |     2 |     2 ||     4
Dodge: Dodged            |    29 |     5 ||    34
Block: Kite shield       |    12 |     4 ||    16
